 Dungeon Sprint DCSS version 0.32-a0-898-g7811c86cf0 (webtiles) character file.

Game seed: 17674731216301223225

9 Griffin23 the Trooper (level 2, -12/28 HPs)
             Began as a Minotaur Fighter on Apr 4, 2024.
             Killed from afar by an oklob sapling (23 damage)
             ... with a splash of acid
             ... in the Dungeon (Sprint IV: "Fedhas' Mad Dash").
             The game lasted 00:00:11 (20 turns).

Griffin23 the Trooper (Minotaur Fighter)              Turns: 20, Time: 00:00:11

Health: -12/28     AC:  7    Str: 20    XL:     2   Next: 6%
Magic:  1/1        EV:  8    Int:  5    God:
Gold:   0          SH:  4    Dex:  9    Spells: 1/1 levels left

rFire   . . .        a - +0 long sword
rCold   . . .        c - +0 buckler
rNeg    . . .        b - +0 scale mail
rPois   .            (helmet restricted)
rElec   .            (no cloak)
rCorr   .            (no gloves)
SInv    .            (no boots)
Will    .....        (no amulet) Stlth
                     (no ring)
HPRegen 0.24/turn    (no ring)
MPRegen 0.07/turn

%: no teleportation
@: no status effects
A: horns 2, retaliatory headbutt
a: no special abilities


You were in the Dungeon.
You visited 1 branch

Inventory:

Hand Weapons
 a - a +0 long sword (weapon)
Armour
 b - a +0 scale mail (worn)
 c - a +0 buckler (worn)
Scrolls
 j - a scroll of blinking
 k - a scroll of immolation {unknown}
Potions
 d - a potion of might
 e - a potion of curing
 f - a potion of heal wounds
 g - a potion of haste
 h - 2 potions of magic
 i - a potion of berserk rage


   Skills:
 + Level 4.6 Fighting
 + Level 2.8 Long Blades
 + Level 4.5 Armour
 + Level 4.5 Shields


You had one spell level left.
You didn't know any spells.
Your spell library was empty.

Dungeon Overview and Level Annotations

Branches:
Dungeon (1/1)

Altars:

Annotations:
D exclusion: oklob sapling


Innate Abilities, Weirdness & Mutations

You have a pair of horns on your head.
You reflexively headbutt those who attack you in melee.


Message History

The river rat bites you but does no damage.
The rat barely misses you.
You barely miss the river rat.
The river rat is almost dead.
The rat bites you but does no damage. The river rat barely misses you.
You furiously retaliate!
You headbutt the river rat!
You kill the river rat!
Your Fighting skill increases to level 4!
Your Armour skill increases to level 4!
Your Shields skill increases to level 4!
You have reached level 2!
You hit the rat.
You kill the rat!
Unknown command.
No target in view!
No target in view!
Sorry, you're not good enough to have a special ability.
k - a scroll labelled HAGONO CAEM You open the door.
An oklob sapling comes into view.
Marking area around an oklob sapling as unsafe for travelling.
Found 55 gold pieces.
There is an open door here.
You hit the oklob sapling.
The oklob sapling is severely damaged.
You hit the oklob sapling but do no damage.
The oklob sapling is severely damaged.
The oklob sapling spits acid at you. The splash of acid hits you!!
Ouch! That really hurt!
You hit the oklob sapling but do no damage.
You headbutt the oklob sapling, but do no damage.
The oklob sapling is severely damaged.
Unknown command.
You hit the oklob sapling but do no damage.
The oklob sapling is severely damaged.
The oklob sapling spits acid at you. The splash of acid hits you!!
Ouch! That really hurt!
You die...

##################
#<..P#.....#.$$$$#
#PP..'.....@.#
#PPPP#.....#P#
##############


You could see an oklob sapling.

Vanquished Creatures
  A river rat (D)
  A rat (D)
2 creatures vanquished.

Notes
Turn   | Place    | Note
-------+----------+-------------------------------------------
     0 | D        | Griffin23 the Minotaur Fighter began the quest for the Orb.
     0 | D        | Reached XP level 1. HP: 19/19 MP: 0/0
     9 | D        | Reached XP level 2. HP: 28/28 MP: 1/1
    15 | D        | Noticed an oklob sapling
    20 | D        | Killed from afar by an oklob sapling

Illustrated notes

Levels and vault maps discovered:
D:        dungeon_sprint_fedhas [sprint_temple]

Skill      XL: |  1 |
---------------+----+-----
Fighting       | 4 |  4.6
Armour         | 4 |  4.5
Shields        | 4 |  4.5
Long Blades    | |  2.8

Action                     || total
---------------------------++-------
  Melee: Long sword        ||     8
         Headbutt          ||     2
 Armour: Scale mail        ||     7
  Dodge: Dodged            ||     2

Table legend: (Time is in decaauts)
 A = Elapsed time spent in this place.
 B = Non-inter-level travel time spent in this place.
 C = Inter-level travel time spent in this place.
 D = Time resting spent in this place.
 E = Time spent auto-exploring this place.
 F = Levels seen in this place.
 G = Mean time per level.
                   A        B        C        D        E       F      G
               +--------+--------+--------+--------+--------+-----+--------+
         Total |     21 |     21 |      0 |      0 |      3 |   1 |   21.0 |
       Dungeon |     21 |     21 |      0 |      0 |      3 |   1 |   21.0 |
               +--------+--------+--------+--------+--------+-----+--------+

Top non-repeatable levels by time:
       D: 21 daAuts
